details: 'tanksVundead'

« prev index next »

General information

Mini Map

Players

team 1
UndeadRequ1em (orange | 90 APM | 2113 actions | 23:32)
Hero icon 4 Death Knight
Ability icon 2 Death Coil
Ability icon 2 Unholy Aura
Hero icon 4 Lich
Ability icon 2 Frost Nova
Ability icon 2 Frost Armor
Hero icon 4 Dark Ranger
Ability icon 2 Silence
Ability icon 2 Black Arrow

» actions
Assign group hotkey7
Basic commands5
Build / train67
Enter build submenu29
Enter hero's abilities submenu12
Give item / drop item3
Remove unit from queue5
Right click1432
Select / deselect430
Select group hotkey22
Use ability101
2113 total
» units
Acolyte7
Ghoul8
Obsidian Statue5
Crypt Fiend8
Frost Wyrm2
30 total
» upgrades
Unholy Strength1
Destroyer Form1
Creature Attack3
Web1
6 total
» buildings
Altar of Darkness1
Ziggurat12
Tomb of Relics1
Crypt2
Graveyard1
Halls of the Dead3
Slaughterhouse1
Black Citadel2
Necropolis3
Sacrificial Pit1
Boneyard1
Spirit Tower1
29 total
» build order
00:08 Altar of Darkness
00:10 Ziggurat
00:26 Tomb of Relics
00:49 Crypt
01:16 Graveyard
01:30 Ziggurat
03:02 Halls of the Dead
03:57 Ziggurat
05:32 Slaughterhouse
05:39 Black Citadel
06:25 Ziggurat
10:44 Ziggurat
11:18 Ziggurat
13:46 Ziggurat
14:25 Necropolis
15:45 Sacrificial Pit
16:10 Ziggurat
16:13 Ziggurat
16:41 Boneyard
16:45 Spirit Tower
18:22 Halls of the Dead
19:01 Crypt
21:21 Necropolis
21:28 Ziggurat
21:35 Ziggurat
21:38 Ziggurat
21:42 Necropolis
» items
Rod of Necromancy1
Orb of Corruption1
Scroll of Healing1
3 total
team 2
HumanArgost (red | 79 APM | 1871 actions | 23:34)
Hero icon 6 Archmage
Ability icon 3 Summon Water Elemental
Ability icon 2 Brilliance Aura
Ability icon 1 Mass Teleport

» actions
Assign group hotkey90
Basic commands129
Build / train112
Enter build submenu39
Enter hero's abilities submenu6
Give item / drop item7
Remove unit from queue5
Right click717
Select / deselect391
Select group hotkey291
Use ability84
1871 total
» units
Peasant20
Footman7
Rifleman4
Siege Engine10
Knight9
Gryphon Rider5
Dragonhawk Rider4
59 total
» upgrades
Masonry2
Barrage1
Lumber Harvesting1
Animal War Training1
Plating2
Gunpowder2
Swords1
10 total
» buildings
Farm10
Altar of Kings1
Barracks1
Scout Tower8
Arcane Tower1
Keep4
Arcane Vault2
Blacksmith1
Castle1
Lumber Mill1
Town Hall2
Workshop2
Guard Tower3
Gryphon Aviary1
38 total
» build order
00:06 Farm
00:09 Altar of Kings
00:18 Farm
00:21 Farm
00:22 Barracks
01:33 Scout Tower
01:50 Farm
02:03 Arcane Tower
03:02 Keep
03:03 Keep
03:03 Keep
03:21 Arcane Vault
03:29 Blacksmith
03:49 Farm
04:07 Farm
05:07 Scout Tower
05:30 Castle
05:38 Lumber Mill
07:38 Town Hall
07:40 Scout Tower
07:42 Scout Tower
07:43 Scout Tower
07:45 Scout Tower
07:57 Workshop
08:01 Farm
08:02 Guard Tower
08:39 Guard Tower
08:58 Scout Tower
09:26 Guard Tower
09:28 Farm
09:48 Arcane Vault
10:48 Gryphon Aviary
11:24 Farm
11:53 Farm
13:46 Workshop
15:00 Town Hall
20:15 Scout Tower
» items
Potion of Healing3
Scroll of Healing2
Potion of Lesser Invulnerability2
Scroll of Regeneration5
Scroll of Town Portal3
Staff of Sanctuary2
17 total